 Dungeon Crawl Stone Soup version 0.19-a0 (webtiles) character file.

75 warlockg3 the Firebug (level 4, 0/34 HPs)
             Began as a Draconian Fire Elementalist on Apr 27, 2016.
             Slain by a gnoll
             ... wielding a +0 halberd
              (8 damage)
             ... on level 2 of the Dungeon.
             The game lasted 00:04:47 (1180 turns).

warlockg3 the Firebug (Draconian Fire Elementalist) Turns: 1180, Time: 00:04:48

Health: 0/34       AC:  5    Str: 11    XL:     4   Next: 11%
Magic:  7/7        EV: 12    Int: 16    God:
Gold:   23         SH:  0    Dex: 11    Spells: 2 memorised, 5 levels left

rFire  . . .     SeeInvis .     (no weapon)
rCold  . . .     Gourm    .     (armour unavailable)
rNeg   . . .     Faith    .     (no shield)
rPois  .         Spirit   .     (helmet restricted)
rElec  .         Dismiss  .     (no cloak)
rCorr  .         Reflect  .     (no gloves)
SustAt .         Harm     .     (no boots)
MR     .....                    h - amulet of rage
Stlth  ++........               (no ring)
                                (no ring)

@: not resistant to hostile enchantments, unstealthy
A: unfitting armour, cold-blooded, AC +5
a: Evoke Berserk Rage


You were on level 2 of the Dungeon.
You were not hungry.

You visited 1 branch of the dungeon, and saw 2 of its levels.

You collected 23 gold pieces.

Inventory:

Jewellery
 h - an amulet of rage (around neck)
Scrolls
 c - a scroll of enchant armour {unknown}
 e - 3 scrolls of blinking {unknown}
 g - a scroll of random uselessness {unknown}
Potions
 j - a potion of curing
Books
 a - a book of Flames

   Spells                             Type                      Level
   a - Flame Tongue                   Conjuration/Fire             1
   b - Throw Flame                    Conjuration/Fire             2
   c - Conjure Flame                  Conjuration/Fire             3
   d - Inner Flame                    Hexes/Fire                   3
   e - Sticky Flame                   Conjuration/Fire             4
   f - Fireball                       Conjuration/Fire             5
Comestibles
 d - a beef jerky
 f - 2 meat rations


   Skills:
 + Level 0.4 Fighting
 + Level 2.7 Dodging
 + Level 1.8 Stealth
 + Level 0.8 Unarmed Combat
 + Level 2.5 Spellcasting
 + Level 1.3 Conjurations
 + Level 3.5 Fire Magic


You had 5 spell levels left.
You knew the following spells:

 Your Spells              Type           Power        Failure   Level  Hunger
a - Flame Tongue          Conj/Fire      #....        10%         1    #......
b - Throw Flame           Conj/Fire      #.....       12%         2    ##.....


Dungeon Overview and Level Annotations

Branches:
Dungeon (2/15)

Altars:


Innate Abilities, Weirdness & Mutations

Your plain brown scales are hard (AC +5).
Your body does not fit into most forms of armour.
You are cold-blooded and may be slowed by cold attacks.


Message History

Magic restored.
Things that are here:
a short sword; a kobold corpse You now have 23 gold pieces (gained 4).
The gnoll shouts!
Things that are here:
a whip; a gnoll corpse The gnoll barely misses you.
You hit the gnoll but do no damage. You closely miss the gnoll.
You tail-slap the gnoll.
The gnoll is heavily wounded.
The gnoll hits you with a halberd.
You hit the gnoll but do no damage.
The gnoll is heavily wounded.
The gnoll hits you with a halberd!
* * * LOW HITPOINT WARNING * * *
You hit the gnoll.
The gnoll is severely wounded.
The gnoll hits you with a halberd!
You die...

#.########.########
#.# #.........
#.#################
#......... .......
#.######## #######
##.##... #.
#####...#.## #.
......#.g).# #.
#.####..@#..#
#######. #.
##)##..# ........
#. #.##..# #######.
#. #.....# #. #.
#.##..## #. ##.##
##....$.#### #.
#...###...#...<...
#. #...).........##
.. #...###...#..##
...


You could see a gnoll.

Vanquished Creatures
  3 gnolls (D:2)
  An adder (D:1)
  3 dart slugs
  2 giant cockroaches (D:1)
  4 goblins (D:1)
  7 hobgoblins
  3 bats
  2 giant newts (D:1)
  5 kobolds
  2 rats (D:1)
32 creatures vanquished.

Notes
Turn   | Place    | Note
--------------------------------------------------------------
     0 | D:1      | warlockg3 the Draconian Fire Elementalist began the quest for the Orb.
     0 | D:1      | Reached XP level 1. HP: 14/14 MP: 3/3
   304 | D:1      | Reached XP level 2. HP: 17/20 MP: 5/5
   519 | D:1      | Reached XP level 3. HP: 21/26 MP: 6/6
   646 | D:1      | Learned a level 2 spell: Throw Flame
  1109 | D:2      | Reached XP level 4. HP: 20/34 MP: 0/7
  1180 | D:2      | Slain by a gnoll

Vault maps used:
D:1:      lightli_molten_gateway
D:2:      ecumenical_altar_2

Skill      XL: |  1 |
---------------+----+-----
Dodging        | 2 |  2.7
Fighting       | |  0.4
Stealth        | |  1.8
Unarmed Combat | |  0.8
Spellcasting   | |  2.5
Conjurations   | |  1.3
Fire Magic     | |  3.5

Action                   |  1- 3 |  4- 6 || total
-------------------------+-------+-------++-------
Melee: Unarmed           |   110 |     7 ||   117
       Tailslap          |    13 |     1 ||    14
 Cast: Flame Tongue      |    20 |       ||    20
       Throw Flame       |     9 |       ||     9
 Abil: Evoke Berserk Rag |     1 |       ||     1
  Use: Potion            |     2 |       ||     2
 Stab: Sleeping          |     2 |       ||     2
  Eat: Chunk             |     1 |     1 ||     2
       Bread ration      |       |     1 ||     1
Armor: Skin              |    56 |     2 ||    58
Dodge: Dodged            |   103 |     3 ||   106
